 Dungeon Crawl Stone Soup version 0.31.0-4-g52a2dc7128 (webtiles) character file.

Game seed: 1622150841299303688

476 Esekla the Sneak (level 6, -5/56 HPs)
             Began as a Draconian Delver on Jan 22, 2024.
             Slain by an ogre
             ... wielding a +0 giant club
              (21 damage)
             ... on level 5 of the Dungeon.
             The game lasted 00:26:51 (4782 turns).

Esekla the Sneak (Draconian Delver)                 Turns: 4782, Time: 00:26:52

Health: -5/56      AC:  7    Str: 15    XL:     6   Next: 85%
Magic:  5/9        EV: 12    Int: 18    God:
Gold:   215        SH:  0    Dex: 12    Spells: 6/9 levels left

rFire   . . .        a - +0 falchion
rCold   . . .        (no shield)
rNeg    . . .        (body armour unavailable)
rPois   .            (helmet restricted)
rElec   .            c - +0 cloak
rCorr   .            (no gloves)
SInv    .            (no boots)
Will    .....        (no amulet)
Stlth   +++          u - +6 ring of intelligence
HPRegen 0.29/turn    (no ring)
MPRegen 0.11/turn

%: no passive effects
@: mighty, on berserk cooldown, hasted and slowed
A: AC +6, unfitting armour, cold-blooded
a: no special abilities


You were on level 5 of the Dungeon.
You visited 1 branch of the dungeon, and saw 6 of its levels.

You collected 215 gold pieces.

Inventory:

Hand Weapons
 a - a +0 falchion (weapon)
 r - a +0 trident
 s - a +0 dagger
Armour
 c - a +0 cloak (worn)
Jewellery
 u - a +6 ring of intelligence (left hand)
 w - a +4 ring of protection
Wands
 f - a wand of digging (3)
 h - a wand of flame (9)
Scrolls
 b - 2 scrolls of fog
 k - 3 scrolls of noise {unknown}
 l - a scroll of vulnerability {unknown}
 m - a scroll of enchant armour {unknown}
 q - a scroll of torment {unknown}
 v - a scroll of teleportation {unknown}
 x - a scroll of silence {unknown}
Potions
 d - 2 potions of enlightenment
 e - a potion of haste
 i - a potion of might
 j - 2 potions of brilliance
 n - a potion of berserk rage
 o - a potion of curing
 p - a potion of mutation {unknown}
 z - a potion of magic {unknown}
 A - a potion of lignification {unknown}


   Skills:
 * Level 5.0 Fighting
 + Level 4.1 Long Blades
 + Level 3.0 Dodging
 + Level 5.2 Stealth
 * Level 2.4 Spellcasting
 * Level 0.9 Ice Magic
 + Level 0.2 Evocations


You had 6 spell levels left.
You knew the following spells:

 Your Spells              Type           Power      Damage    Failure   Level
r - Frozen Ramparts       Ice            10%        1d2       34%         3

Your spell library contained the following spells:

 Spells                   Type           Power      Damage    Failure   Level
 Freeze                   Ice            20%        1d4       12%         1
 Lesser Beckoning         Tloc           4%         N/A       26%         2
 Hailstorm                Conj/Ice       3%         3d5       38%         3
 Gell's Gravitas          Tloc           2%         N/A       45%         3
 Teleport Other           Tloc           2%         N/A       45%         3


Dungeon Overview and Level Annotations

Branches:
Dungeon (6/15)
 Temple: D:4-7

Altars:
Makhleb

Annotations:
D:4 Dowan, Duvessa, Edmund


Innate Abilities, Weirdness & Mutations

Your plain brown scales are hard. (AC +6)
You cannot fit into any form of body armour.
You are cold-blooded and may be slowed by cold attacks.


Message History

The phantom is heavily damaged.
You closely miss the phantom.
Your tail-slap misses the phantom.
The phantom is heavily damaged.
The phantom barely misses you.
You barely miss the phantom.
The phantom is heavily damaged.
The phantom barely misses you.
You closely miss the phantom.
Your tail-slap misses the phantom.
The phantom is heavily damaged.
The phantom misses you.
You slash the phantom!
Your tail-slap misses the phantom.
The phantom is almost destroyed.
You slash the phantom!
You destroy the phantom!
Your Fighting skill increases to level 5!
Your Long Blades skill increases to level 4!
Your Dodging skill increases to level 3!
You start resting.
You feel a strong urge to attack something.
You are no longer berserk.
You are exhausted.
You feel yourself slow down.
You start resting.
The orc completely misses you.
You slash the orc!
You kill the orc!
You barely miss the ogre. The ogre hits you with a +0 giant club!
* * * LOW HITPOINT WARNING * * *
The ogre closely misses you.
Okay, then.
You feel yourself speed up. The ogre completely misses you.
You are confused.
An orc wizard appears from thin air!
Reactivating autopickup.
The orc wizard gestures at you while chanting.
The magic dart hits you.
* * * LOW HITPOINT WARNING * * *
You feel better.
The ogre hits you with a +0 giant club!!
You die...

##......## #<..o.....
##.......## ###.........
#.........## ###....o......
#..........###..###........
#...........#o.## ###......
#...........)### *#....#
#.............# *.....
#.........O..## *,.#..
#.........@.## ****,,...
#..........## *,,,,*##O
##........## *,,*,*,,,
##.......# **,,,***,
######..## *,,,,,,, ##...#
**,,,*,, #....## *,,,,,,
####†....### **,,,,*
###..........### *,,,,,


You could see an ogre and an orc wizard.

Vanquished Creatures
  A black bear (D:5)
  A phantom (D:5)
  A hound (D:5)
  2 orc priests
  Natasha (thrice) (D:4)
  5 adders
  A white imp (D:5)
  A dart slug (D:2)
  4 ribbon worms
  15 orcs
  4 bats
  5 endoplasms
  2 giant cockroaches
  6 goblins
  6 hobgoblins
  5 jackals
  4 kobolds
  3 quokkas
  5 ball pythons
  2 frilled lizards
  6 rats
82 creatures vanquished.

Notes
Turn   | Place    | Note
-------+----------+-------------------------------------------
     0 | D:5      | Esekla the Draconian Delver began the quest for the Orb.
     0 | D:5      | Reached XP level 1. HP: 19/19 MP: 1/1
   179 | D:4      | Noticed Natasha
   307 | D:5      | Noticed a black bear
   324 | D:5      | Noticed an ogre
   370 | D:5      | Noticed a phantom
   374 | D:5      | Noticed a scorpion
   379 | D:5      | Noticed a sleepcap
   380 | D:5      | Noticed an orc wizard
   380 | D:5      | Noticed a hound
   381 | D:5      | Noticed a bombardier beetle
   445 | D:5      | Reached XP level 2. HP: 16/26 MP: 2/2
  1043 | D:1      | Reached skill level 5 in Stealth
  1057 | D:1      | Reached XP level 3. HP: 11/31 MP: 4/4
  1825 | D:1      | Reached skill level 1 in Spellcasting
  1928 | D:2      | Reached XP level 4. HP: 39/40 MP: 5/5
  3182 | D:4      | Killed Natasha
  3183 | D:4      | Reached XP level 5. HP: 13/46 MP: 7/7
  3316 | D:4      | Noticed Natasha
  3340 | D:4      | Killed Natasha
  3914 | D:4      | Found a burning altar of Makhleb.
  3914 | D:4      | Noticed a cacodemon
  3948 | D:4      | Noticed Edmund
  4120 | D:4      | Noticed Natasha
  4260 | D:3      | Learned a level 3 spell: Frozen Ramparts
  4303 | D:4      | Killed Natasha
  4385 | D:4      | Reached XP level 6. HP: 47/53 MP: 9/9
  4471 | D:4      | Noticed Dowan
  4472 | D:4      | Noticed Duvessa
  4769 | D:5      | Reached skill level 5 in Fighting
  4782 | D:5      | Slain by an ogre

Illustrated notes

Levels and vault maps discovered:
D:1:      minmay_arrival_three_doors, layout_loops_ring, nicolae_wormholes
D:2:      layout_loops_cross, nicolae_concentric_dashed_squares_wild
D:3:      layout_basic
D:4:      layout_loops_cross, makhleb_altar_promises_db, uniq_edmund,
          uniq_duvessa, uniq_natasha
D:5:      black_bear_nest_2, layout_cave_pods, minmay_fractal_squares_5
D:6:      layout_loops_cross, chequers_temple_overflow_statue_of_worship,
          minmay_temple_entry_statues_pillars

Skill      XL: |  1  2  3  4  5  6 |
---------------+-------------------+-----
Stealth        | 5 |  5.2
Dodging        | 2 3 |  3.0
Spellcasting   | 1 2 |  2.4
Fighting       | 4 5 |  5.0
Long Blades    | 3 4 |  4.1
Ice Magic      | |  0.9
Evocations     | |  0.2

Action                     |  1- 3 |  4- 6 || total
---------------------------+-------+-------++-------
  Melee: Falchion          |   127 |   244 ||   371
         Tailslap          |    13 |    25 ||    38
         Dagger            |     7 |     1 ||     8
         Punch             |       |     3 ||     3
   Cast: Frozen Ramparts   |       |     2 ||     2
  Evoke: Wand              |       |     3 ||     3
    Use: Scroll            |     2 |     6 ||     8
         Potion            |     2 |     6 ||     8
   Stab: Sleeping          |     4 |     3 ||     7
         Distracted        |     1 |     1 ||     2
 Armour: Skin              |    78 |   168 ||   246
  Dodge: Dodged            |    98 |   164 ||   262
